Map: Berlingrad LE

Players

lllbluelll

  • Race: Terran Terran
  • League: Platinum
  • Spawn Location: 5:00

Warthog - Winner!

  • Race: Terran Terran
  • League: Gold
  • Spawn Location: 11:00

VOD

Have the link to the VOD?

Description

Time

  • Played on: Nov. 2, 2021, 6:42 p.m.
  • Length: 14:57
Show
View Real Time Build Order
Export as new Build Order

lllbluelll Terran 

Build Orders: 1/1/1 

Get SALT Encoding   

  12  0:00  SCV  
  13  0:12  SCV  
  14  0:17  Supply Depot  
  14  0:24  SCV  
  14  0:28  Refinery  
  15  0:41  Barracks  
  15  0:47  SCV  
  16  0:54  Refinery  
  16  0:59  SCV  
  17  1:16  SCV  
  18  1:28  Factory, Marine  
  19  1:35  Orbital Command  
  19  1:47  Supply Depot  
  19  1:55  Barracks Tech Lab  
  19  2:02  SCV  
  20  2:14  Factory Tech Lab, Starport  
  20  2:19  Marine  
  21  2:24  SCV  
  22  2:33  Siege Tank  
  26  2:40  Supply Depot  
  25  2:47  Marauder  
  25  2:50  Medivac  
  29  2:53  SCV  
  30  3:05  SCV  
  31  3:07  Marine  
  32  3:17  SCV  
  32  3:19  Fusion Core  
  33  3:24  Starport Reactor  
  33  3:29  SCV  
  33  3:31  Engineering Bay  
  34  3:40  Marine  
  35  3:41  SCV  
  36  3:53  SCV  
  28  4:32  Battlecruiser, Factory Tech Lab, Barracks  
  34  4:44  Command Center, Marine  
  35  4:46  SCV  
  35  4:48  Refinery  
  35  4:50  Supply Depot  
  36  4:58  SCV  
  37  5:02  Cloaking Field  
  37  5:04  Combat Shield  
  37  5:10  SCV  
  38  5:15  Marine  
  38  5:18  Refinery  
  39  5:21  Marine  
  39  5:22  Marine  
  39  5:23  Siege Tank  
  44  5:30  SCV  
  45  5:43  SCV  
  45  5:47  Barracks  
  46  5:52  Marine  
  46  5:55  SCV  
  48  6:10  Marine  
  49  6:13  Orbital Command  
  49  6:23  Refinery  
  49  6:25  Hi-Sec Auto Tracking  
  49  6:26  SCV  
  49  6:28  Marine  
  49  6:32  Armory  
  45  6:40  Missile Turret  
  45  6:42  Siege Tank  
  45  6:43  SCV  
  45  6:45  Marine  
  50  6:51  Missile Turret  
  50  6:56  SCV  
  51  7:03  Marine  
  51  7:08  SCV, Command Center  
  53  7:16  Barracks Tech Lab  
  53  7:18  Missile Turret  
  53  7:20  SCV, Stimpack  
  53  7:21  Marine  
  55  7:28  SCV  
  56  7:32  SCV  
  57  7:39  Banshee  
  57  7:40  SCV  
  61  7:44  SCV  
  62  8:00  SCV, Siege Tank  
  62  8:01  Command Center  
  62  8:02  Supply Depot  
  62  8:04  Supply Depot  
  66  8:12  SCV  
  67  8:24  SCV, Marine  
  68  8:31  Banshee  
  71  8:36  SCV  
  71  8:38  Marine x3  
  75  8:42  Marine  
  75  8:47  Factory  
  73  8:48  SCV  
  73  8:50  Factory  
  73  8:52  Siege Tank  
  74  8:56  Marine x3  
  71  9:13  Command Center  
  58  9:24  Siege Tank  
  61  9:36  Marine  
  61  9:37  Marauder x2, Marine  
  67  9:39  SCV, Terran Infantry Armor Level 1  
  67  9:42  Terran Vehicle Weapons Level 1  
  67  9:43  Armory  
  68  9:45  Factory Tech Lab  
  68  9:46  Factory Tech Lab  
  68  9:47  Engineering Bay  
  68  9:54  Marine  
  68  9:57  Siege Tank  
  68  9:58  Marauder  
  74  10:02  Missile Turret  
  74  10:13  Siege Tank  
  77  10:14  Siege Tank  
  77  10:16  SCV  
  77  10:19  Terran Infantry Weapons Level 1  
  81  10:28  SCV  
  81  10:32  Missile Turret  
  81  10:33  Siege Tank  
  85  10:37  Concussive Shells  
  85  10:44  Marine x2  
  85  10:45  Barracks, Marauder x2, Siege Tank  
  94  10:51  Barracks  
  94  10:52  Sensor Tower  
  94  11:02  Marine x2  
  96  11:05  Planetary Fortress  
  96  11:06  Marine  
  93  11:23  Marine x2  
  77  11:39  Missile Turret  
  74  11:40  SCV  
  74  11:41  Siege Tank x3  
  74  11:43  Marine x4  
  88  12:01  Marine  
  68  12:13  Siege Tank  
  68  12:20  SCV  
  67  12:32  SCV  
  64  12:44  SCV  
  64  12:47  Banshee  
  64  12:51  Siege Tank, Marine x4  
  72  12:57  Barracks Reactor x2  
  72  13:08  Marine  
  72  13:09  Marine x3  
  76  13:16  Siege Tank  
  76  13:17  Siege Tank  
  80  13:26  Missile Turret, Marine  
  80  13:27  Marine  
  81  13:30  Banshee  
  85  13:41  Marine  
  86  13:49  Marine  
  84  14:12  Siege Tank  
  84  14:17  Command Center  
Show
View Real Time Build Order
Export as new Build Order

Warthog Terran - Winner!

Build Orders:  

Get SALT Encoding   

  12  0:00  SCV  
  13  0:13  SCV  
  14  0:17  Supply Depot  
  14  0:25  SCV  
  15  0:39  SCV  
  15  0:40  Barracks  
  16  0:45  Refinery  
  16  0:51  SCV  
  17  1:03  SCV  
  18  1:15  SCV  
  19  1:28  Orbital Command  
  19  1:30  Barracks Reactor  
  19  1:44  Command Center  
  19  1:58  Supply Depot, SCV  
  20  2:06  Marine  
  20  2:07  Marine  
  22  2:10  SCV  
  23  2:22  SCV  
  24  2:27  Marine x2  
  26  2:34  Barracks x2, SCV  
  27  2:45  Marine x2  
  27  2:46  SCV  
  30  2:52  Refinery  
  30  2:58  Orbital Command  
  30  2:59  SCV  
  31  3:07  Marine  
  31  3:08  Marine  
  31  3:11  SCV  
  34  3:22  Barracks Tech Lab x2  
  34  3:23  SCV  
  34  3:25  Factory  
  35  3:31  SCV  
  35  3:34  Supply Depot  
  36  3:35  SCV, Marine  
  36  3:37  Marine  
  39  3:43  SCV  
  40  3:51  Stimpack, Combat Shield  
  40  3:59  Marine x2  
  40  4:01  Supply Depot  
  37  4:07  SCV x2  
  35  4:19  SCV x2, Marine x2  
  35  4:20  Marine x2  
  35  4:21  Bunker  
  41  4:31  SCV x2, Starport  
  41  4:32  Factory Reactor  
  41  4:37  Marine x2  
  45  4:39  Marine  
  45  4:40  Marine  
  45  4:43  SCV x2  
  45  4:45  Supply Depot  
  49  4:55  SCV, Marine  
  49  4:58  SCV  
  52  5:01  Marauder x2, Marine  
  57  5:07  Supply Depot, SCV  
  57  5:10  SCV  
  57  5:13  Marine  
  60  5:19  SCV  
  61  5:21  Factory Tech Lab  
  61  5:22  Supply Depot, SCV  
  61  5:23  Marine x2  
  61  5:24  Marauder  
  61  5:27  Medivac  
  68  5:30  Medivac  
  68  5:31  Marine  
  68  5:32  SCV  
  68  5:34  Concussive Shells, SCV  
  72  5:41  Marine x2  
  74  5:44  SCV  
  74  5:46  Marine  
  74  5:48  Cyclone, Marine  
  74  5:57  Viking  
  74  5:59  Marine x2  
  74  6:00  Viking  
  74  6:08  Marine  
  74  6:09  Marine  
  74  6:11  SCV x2  
  75  6:16  Engineering Bay  
  75  6:17  Marine  
  76  6:21  Engineering Bay  
  76  6:27  Viking  
  78  6:37  Siege Tank  
  78  6:38  SCV x2  
  83  6:42  Supply Depot  
  83  6:43  Supply Depot  
  83  6:46  Marine x3  
  86  6:47  Command Center  
  86  7:02  Refinery, Terran Infantry Weapons Level 1  
  86  7:03  Refinery, Marine, SCV x2  
  86  7:04  Viking, Marine x3  
  94  7:19  Supply Depot  
  94  7:20  Supply Depot  
  94  7:21  SCV x2, Marine  
  94  7:22  Marine x2  
  99  7:25  Viking  
  101  7:35  Missile Turret  
  101  7:37  Missile Turret  
  101  7:38  Missile Turret  
  101  7:40  Missile Turret  
  101  7:42  Supply Depot  
  101  7:45  Viking  
  101  7:47  SCV  
  101  7:49  SCV  
  105  8:10  Engineering Bay, Armory  
  105  8:11  SCV x2  
  106  8:23  Viking x2, Marine x4, SCV x2  
  116  8:30  Barracks  
  116  8:31  Barracks  
  116  8:38  Missile Turret, Orbital Command  
  111  9:15  Viking  
  109  9:32  Medivac  
  109  9:35  Barracks Reactor, Barracks Tech Lab  
  111  9:41  Barracks Reactor x2  
  111  9:44  SCV x3  
  114  9:45  Medivac  
  114  9:51  Marine  
  114  9:52  Supply Depot, Marine x3  
  120  9:53  Supply Depot, Siege Tank  
  120  9:56  SCV x3  
  126  10:00  Terran Infantry Weapons Level 2  
  126  10:01  Terran Infantry Armor Level 1  
  126  10:02  Medivac  
  126  10:03  Terran Vehicle Weapons Level 1  
  126  10:06  Refinery x2  
  128  10:08  SCV x3  
  128  10:09  Marine x2  
  128  10:12  Factory  
  128  10:14  Marine  
  134  10:15  Medivac, Factory  
  134  10:20  SCV x3  
  139  10:32  SCV  
  140  10:36  Marine x8  
  140  10:37  Siege Tank  
  140  10:38  Medivac  
  154  10:47  Supply Depot  
  154  10:48  Supply Depot  
  153  10:53  Marine  
  153  10:54  Marine x3  
  156  11:01  Command Center  
  156  11:05  Factory Tech Lab  
  156  11:10  Command Center  
  152  11:20  Marine x7  
  152  11:22  Medivac, Siege Tank  
  162  11:29  Factory Tech Lab, Siege Tank  
  162  11:30  Medivac, Marine  
  168  11:37  Marine  
  168  11:38  Marine  
  170  11:54  Siege Tank  
  165  12:03  Marine  
  165  12:04  Marauder, Marine x5  
  165  12:05  Medivac, Siege Tank  
  127  12:16  Marine  
  127  12:17  Siege Tank  
  127  12:18  Viking  
  127  12:21  Marine x5  
  138  12:26  Siege Tank  
  141  12:35  Medivac  
  143  12:37  Siege Tank  
  143  12:42  Marine x2  
  145  12:48  Medivac  
  147  13:03  Siege Tank  
  147  13:04  Marine x2  
  152  13:05  Medivac  
  152  13:06  Marine x3  
  152  13:11  Planetary Fortress  
  157  13:12  Planetary Fortress  
  157  13:33  Marine x8  
  165  13:34  Siege Tank  
  165  13:35  Medivac x2, Siege Tank x2  
  178  13:45  Refinery  
  178  13:46  Refinery  
  178  13:51  Marine x8  
  178  13:54  Missile Turret  
  178  13:55  Missile Turret  
  186  13:56  Missile Turret  
  186  14:03  Missile Turret  
  186  14:12  Marauder, Marine x7  
  186  14:13  Siege Tank x2  
  186  14:16  Missile Turret  
  199  14:17  Missile Turret  
  199  14:30  Marine  
Tags
 
Add a new tag
Caveats
  • Supply blocks, unpowered buildings, or Contaminate may cause inaccurate times.
  • Supply counts are checked every 10 seconds.